 Dungeon Crawl Stone Soup version 0.29-a0-802-g34511f41fd (webtiles) character file.

Game seed: 14986805929401135574

126 avis the Chiller (level 5, -2/41 HPs)
             Began as a Barachi Ice Elementalist on July 3, 2022.
             Slain by a gnoll
             ... wielding a +0 whip
              (6 damage)
             ... on level 3 of the Dungeon.
             The game lasted 00:18:39 (2852 turns).

avis the Chiller (Barachi Ice Elementalist)         Turns: 2852, Time: 00:18:40

Health: -2/41      AC:  4    Str:  9    XL:     5   Next: 10%
Magic:  2/9        EV: 13    Int: 15    God:
Gold:   63         SH:  0    Dex: 15    Spells: 3/10 levels left

rFire   . . .      SeeInvis .   a - +1 dagger (venom)
rCold   . . .      Faith    .   (no shield)
rNeg    . . .      Spirit   .   m - +0 robe
rPois   +          Reflect  .   y - +0 helmet
rElec   .          Harm     .   (no cloak)
rCorr   .          Rampage  .   (no gloves)
Will    .....                   i - +0 pair of boots
Stlth   ++........              (no amulet)
HPRegen 0.13/turn               t - ring of poison resistance
MPRegen 0.11/turn               (no ring)

@: unable to hop, slow
A: amphibious, slowness 1, strong legs 1, +LOS
a: Hop


You were on level 3 of the Dungeon.
You visited 1 branch of the dungeon, and saw 3 of its levels.

You collected 63 gold pieces.

Inventory:

Hand Weapons
 a - a +1 dagger of venom (weapon)
 h - a +1 mace of protection
 j - a +0 broad axe
Missiles
 e - an atropa-tipped dart
 p - 2 poisoned darts (quivered)
Armour
 i - a +0 pair of boots (worn)
 m - a +0 robe (worn)
 y - a +0 helmet (worn)
Jewellery
 t - a ring of poison resistance (left hand)
Wands
 z - a wand of paralysis (4)
Scrolls
 d - 3 scrolls of identify {unknown}
 f - a scroll of noise {unknown}
 o - a scroll of summoning {unknown}
 r - 2 scrolls of enchant armour {unknown}
 u - a scroll of silence {unknown}
 w - a scroll of torment {unknown}
Potions
 b - a potion of magic
 c - 4 potions of attraction {unknown}
 g - a potion of berserk rage {unknown}
 k - a potion of invisibility {unknown}
 l - a potion of degeneration {unknown}
 n - a potion of might {unknown}
 q - a potion of curing {unknown}
 s - a potion of heal wounds {unknown}
 v - a potion of flight {unknown}
 x - a potion of mutation {unknown}
 A - a potion of resistance {unknown}


   Skills:
 - Level 3.0 Fighting
 * Level 2.7 Dodging
 - Level 1.7 Stealth
 - Level 3.0 Spellcasting
 - Level 6.0 Ice Magic


You had 3 spell levels left.
You knew the following spells:

 Your Spells              Type           Power      Damage    Failure   Level
a - Freeze                Ice            80%        1d9       1%          1
o - Ozocubu's Armour      Ice            20%        N/A       4%          3
r - Frozen Ramparts       Ice            40%        1d6       4%          3

Your spell library contained the following spells:

 Spells                   Type           Power      Damage    Failure   Level
 Ensorcelled Hibernation  Hex/Ice        22%        N/A       9%          2
 Necrotise                Necr           8%         1d4       21%         1
 Sting                    Tmut/Pois      8%         1d3       21%         1
 Summon Small Mammal      Summ           8%         N/A       21%         1
 Poisonous Vapours        Pois/Air       4%         N/A       30%         2
 Static Discharge         Conj/Air       2%         3-4/arc   30%         2
 Call Canine Familiar     Summ           2%         N/A       52%         3
 Ignite Poison            Fire/Tmut/Pois 2%         N/A       52%         3
 Mephitic Cloud           Conj/Pois/Air  2%         N/A       52%         3
 Summon Guardian Golem    Hex/Summ       2%         N/A       52%         3
 Vampiric Draining        Necr           2%         2d6       52%         3
 Hailstorm                Conj/Ice       11%        3d5       50%         4
 Olgreb's Toxic Radiance  Pois           2%         N/A       89%         4
 Freezing Cloud           Conj/Ice/Air   4%         6-21      94%         5
 Agony                    Necr           2%         N/A       99%         5
 Lightning Bolt           Conj/Air       1%         1d12      99%         5
 Summon Mana Viper        Hex/Summ       2%         N/A       99%         5
 Maxwell's Capacitive Co  Air            1%         ∞         100%        8


Dungeon Overview and Level Annotations

Branches:
Dungeon (3/15)

Altars:
Yredelemnul

Annotations:
D:2 1 runed translucent door, exclusion: door


Innate Abilities, Weirdness & Mutations

You are amphibious.
You cover ground slowly.
You can hop short distances.
You have an extended range of vision and can be seen from far away.


Message History

Casting: Frozen Ramparts (dangerous; 4% risk of failure)
Confirm with . or Enter, or press ? or * to list all spells.
A film of ice covers your body!
The gnoll shouts!
Your icy armour will break if you move.
Continue?
Your icy armour cracks and falls away as you move.
The gnoll hits you with a +0 halberd!
The hobgoblin shouts!
Casting: Ozocubu's Armour (dangerous; 4% risk of failure)
Confirm with . or Enter, or press ? or * to list all spells.
Aiming: Freeze (safe; 1% risk of failure)
Press: ? - help, Shift-Dir - straight line, f - gnoll
Aim: a gnoll, wielding a +0 halberd You freeze the gnoll!
The gnoll is heavily wounded.
The gnoll completely misses you.
The gnoll shouts!
You hit the gnoll but do no damage.
The gnoll is heavily wounded.
The gnoll barely misses you.
You closely miss the gnoll.
The gnoll is heavily wounded.
The gnoll hits you but does no damage.
You hit the gnoll.
The gnoll is poisoned.
The gnoll is severely wounded.
The gnoll misses you.
You barely miss the gnoll.
The gnoll is severely wounded.
The gnoll hits you with a +0 halberd!
You closely miss the gnoll.
The gnoll is severely wounded.
The gnoll hits you with a +0 halberd!
* * * LOW HITPOINT WARNING * * *
Hop to where?
Press: ? - help, Dir - move target, p - gnoll Boing!
You kill the gnoll!
You hit the gnoll but do no damage.
The gnoll is poisoned.
The gnoll hits you with a +0 whip.
You die...

.........# .######..#
.#≈≈§≈≈.§# .#§§≈≈...###
.#≈§≈≈.....# ##########
##§§§..†...######........#
§§≈≈.......'........>....#
≈≈.........#####.........#
...........# #@........#
.>.........# #g........#
.######.#### #g#########
.# #.########.#
#.#........####
#.#....)......# #
#........##.#
#...........#
#.........### #


You could see a gnoll (very poisoned) and a hobgoblin.

Vanquished Creatures
  2 adders (D:2)
  6 gnolls
  A dart slug (D:3)
  3 bats
  4 endoplasms
  4 giant cockroaches
  9 goblins
  6 hobgoblins
  4 ball pythons
  4 frilled lizards
  3 kobolds
  5 rats
51 creatures vanquished.

Notes
Turn   | Place    | Note
-------+----------+-------------------------------------------
     0 | D:1      | avis the Barachi Ice Elementalist began the quest for the
                  | Orb.
     0 | D:1      | Reached XP level 1. HP: 13/13 MP: 3/3
   123 | D:1      | Got the Guide on Moulding and Curses
   148 | D:1      | Reached skill level 1 in Fighting
   347 | D:1      | Reached XP level 2. HP: 20/21 MP: 1/5
   758 | D:1      | Found a faded altar of an unknown god.
   921 | D:1      | Reached XP level 3. HP: 22/27 MP: 5/7
  1031 | D:1      | Learned a level 3 spell: Ozocubu's Armour
  1035 | D:1      | Learned a level 3 spell: Frozen Ramparts
  1410 | D:2      | Found a basalt altar of Yredelemnul.
  1428 | D:2      | Reached skill level 5 in Ice Magic
  1750 | D:2      | Found a runed translucent door.
  1947 | D:2      | Reached XP level 4. HP: 31/35 MP: 1/8
  2792 | D:3      | Reached skill level 6 in Ice Magic
  2821 | D:3      | Reached XP level 5. HP: 38/41 MP: 2/9
  2837 | D:3      | HP: 1/41 [gnoll/+0 halberd (14)]
  2852 | D:3      | Slain by a gnoll

Illustrated notes

Levels and vault maps discovered:
D:1:      dpeg_arrival_tiny_a, layout_loops_corners,
          ebering_ecumenical_altar_hall, grunt_decor_mini_mirrors,
          minmay_split_cup_small
D:2:      layout_loops_ring, basic_altar, uniq_crazy_yiuf_cottage
D:3:      layout_basic, chequers_garden, grunt_decor_junction,
          minmay_splitting_lines

Skill      XL: |  1  2  3  4 |
---------------+-------------+-----
Fighting       | 1 2 3 |  3.0
Spellcasting   | 3 |  3.0
Ice Magic      | 5 6 |  6.0
Dodging        | |  2.7
Stealth        | |  1.7

Action                   |  1- 3 |  4- 6 || total
-------------------------+-------+-------++-------
Melee: Dagger            |    14 |    27 ||    41
       Punch             |     1 |       ||     1
Throw: Dart              |       |     9 ||     9
 Cast: Freeze            |    40 |     4 ||    44
       Ozocubu's Armour  |     6 |     6 ||    12
       Frozen Ramparts   |     2 |     3 ||     5
 Abil: Hop               |       |     1 ||     1
 Stab: Sleeping          |     1 |     1 ||     2
Armor: Robe              |     8 |     7 ||    15
Dodge: Dodged            |    21 |    16 ||    37

Table legend: (Time is in decaauts)
 A = Elapsed time spent in this place.
 B = Non-inter-level travel time spent in this place.
 C = Inter-level travel time spent in this place.
 D = Time resting spent in this place.
 E = Time spent auto-exploring this place.
 F = Levels seen in this place.
 G = Mean time per level.
                   A        B        C        D        E       F      G
               +--------+--------+--------+--------+--------+-----+--------+
         Total |   3215 |   2999 |    216 |    591 |   1735 |   3 | 1071.7 |
       Dungeon |   3215 |   2999 |    216 |    591 |   1735 |   3 | 1071.7 |
               +--------+--------+--------+--------+--------+-----+--------+

Top non-repeatable levels by time:
     D:1: 1441 daAuts
     D:2: 1352 daAuts
     D:3: 421 daAuts
